 Dungeon Crawl Stone Soup version 0.20.1-1-g8b1a95d (webtiles) character file.

6 tidbits the Insei (level 1, 0/15 HPs)
             Began as a Demigod Transmuter on Aug 31, 2017.
             Slain by a jackal (1 damage)
             ... on level 3 of the Dungeon.
             The game lasted 00:00:41 (50 turns).

tidbits the Insei (Demigod Transmuter)                Turns: 50, Time: 00:00:42

Health: 0/15       AC:  2    Str: 13    XL:     1   Next: 60%
Magic:  3/6        EV: 12    Int: 17    God:
Gold:   0          SH:  0    Dex: 16    Spells: 3/4 levels left

rFire    . . .     SeeInvis .   e - +0 dagger
rCold    . . .     Gourm    .   (no shield)
rNeg     . . .     Faith    .   b - +0 robe
rPois    .         Spirit   .   (no helmet)
rElec    .         Reflect  .   (no cloak)
rCorr    .         Harm     .   (no gloves)
MR       .....                  (boots currently unavailable)
Stlth    +.........             (no amulet)
Regen    0.1/turn               (no ring)
MPRegen  0.1/turn               (no ring)

@: appendage (expiring)
A: talons 3, high mp 1
a: End Transformation


You were on level 3 of the Dungeon.
You were not hungry.
You had grown temporary talons.
You visited 1 branch of the dungeon, and saw 3 of its levels.

Inventory:

Hand Weapons
 e - a +0 dagger (weapon)
Missiles
 a - 12 arrows
Armour
 b - a +0 robe (worn)
Books
 c - a book of Changes

   Spells                             Type                      Level
   a - Beastly Appendage              Transmutation                1
   b - Sticks to Snakes               Transmutation                2
   c - Spider Form                    Transmutation/Poison         3
   d - Ice Form                       Ice/Transmutation            4
   e - Blade Hands                    Transmutation                5
Comestibles
 d - a bread ration


   Skills:
 - Level 0.8 Fighting
 - Level 1.7 Dodging
 - Level 2.7 Unarmed Combat
 + Level 2.2 Spellcasting
 - Level 1.7 Transmutations


You had 3 spell levels left.
You knew the following spells:

 Your Spells              Type           Power        Failure   Level  Hunger
e - Beastly Appendage     Tmut           #.....       9%          1    #......


Dungeon Overview and Level Annotations

Branches:
Dungeon (3/15)

Annotations:
D:1 1 runed door


Innate Abilities, Weirdness & Mutations

You have an increased reservoir of magic. (+10% MP)
You have claws for feet.


Message History

There is a stone staircase leading up here.
A goblin comes into view. It is wielding a dagger.
The goblin shouts!
Casting: Beastly Appendage
Confirm with . or Enter, or press ? or * to list all spells.
You miscast Beastly Appendage.
You are very lightly contaminated with residual magic.
Nothing appears to happen.
Casting: Beastly Appendage
Confirm with . or Enter, or press ? or * to list all spells.
You miscast Beastly Appendage.
Nothing appears to happen.
Casting: Beastly Appendage
Confirm with . or Enter, or press ? or * to list all spells.
Your feet morph into talons.
You miss the goblin. The goblin closely misses you.
You barely miss the goblin. Your kick misses the goblin.
The goblin hits you but does no damage.
You hit the goblin. Your kick misses the goblin.
The goblin is heavily wounded.
You closely miss the goblin. Your kick misses the goblin.
The goblin is heavily wounded.
The goblin barely misses you.
You closely miss the goblin. You claw the goblin.
You kill the goblin!
You see here a dagger.
e - a dagger Wield which item (- for none, * to show all)? (? for menu, Esc to quit)
e - a +0 dagger (weapon)
Your transformation is almost over.
Your talons disappear.
There is a stone staircase leading down here.
Casting: Beastly Appendage
Confirm with . or Enter, or press ? or * to list all spells.
Your feet morph into talons.
Unknown command.
You climb downwards.
An adder, a rat, 3 jackals and a worm come into view.
Found a plate armour and 25 gold pieces.
There is a stone staircase leading up here.
Found a stone staircase leading down.
The helpless rat fails to defend itself.
You puncture the rat!
You kill the rat!
Your transformation is almost over.
You hit the jackal but do no damage. Your kick misses the jackal.
The jackal bites you.
Casting: Beastly Appendage
Confirm with . or Enter, or press ? or * to list all spells.
You extend your transformation's duration.
The jackal bites you.
The jackal barks!
You hit the jackal but do no damage.
You hear a bark!
The jackal bites you.
You hit the jackal. You claw the jackal, but do no damage.
The jackal is lightly wounded.
The jackal barely misses you. The jackal bites you. x2
You closely miss the jackal. Your kick misses the jackal.
The jackal is lightly wounded.
The jackal bites you.
* * * LOW HITPOINT WARNING * * *
The jackal bites you but does no damage.
You hit the jackal. Your kick misses the jackal.
The jackal is moderately wounded.
The jackal closely misses you.
You barely miss the jackal. You claw the jackal.
You kill the jackal!
Your Spellcasting skill increases to level 2!
The jackal bites you.
* * * LOW HITPOINT WARNING * * *
The jackal completely misses you.
You barely miss the jackal. You claw the jackal.
You kill the jackal!
Your transformation is almost over.
The jackal bites you but does no damage.
You barely miss the jackal. Your kick misses the jackal.
The jackal bites you but does no damage.
A jackal comes into view.
You hit the jackal. Your kick misses the jackal.
The jackal is heavily wounded.
The jackal bites you.
* * * LOW HITPOINT WARNING * * *
A jackal comes into view.
You closely miss the jackal.
The jackal is heavily wounded.
The jackal closely misses you. x2; The jackal moves out of view.
A jackal comes into view.
You hit the jackal.
You kill the jackal!
The jackal barely misses you.
Your magical contamination has completely faded away.
You hit the jackal.
The jackal is heavily wounded.
The jackal bites you.
* * * LOW HITPOINT WARNING * * *
The jackal barely misses you.
The jackal bites you but does no damage.
The jackal bites you.
You die...

...... .....#
...># ...+
..### #.h.# #
#.#h# #.#wh@#
#.#.###.#
#.......#
###.##### #h#
######.#######
#.$...<..[...#
#........h...#
#........h..S+


You could see a worm and 3 jackals.

Vanquished Creatures
  A goblin (D:2)
  3 jackals (D:3)
  A rat (D:3)
5 creatures vanquished.

Notes
Turn   | Place    | Note
-------+----------+-------------------------------------------
     0 | D:1      | tidbits the Demigod Transmuter began the quest for the Orb.
     0 | D:1      | Reached XP level 1. HP: 15/15 MP: 5/5
     1 | D:1      | Found a runed door.
    44 | D:3      | Reached skill level 2 in Spellcasting
    50 | D:3      | HP: 1/15 [jackal (1)]
    50 | D:3      | Slain by a jackal

Skill      XL: |  1 |
---------------+----+-----
Spellcasting   | 2 |  2.2
Fighting       | |  0.8
Dodging        | |  1.7
Unarmed Combat | |  2.7
Transmutations | |  1.7

Action                   || total
-------------------------++-------
Melee: Dagger            ||    13
       Unarmed           ||     5
       Kick              ||     4
 Cast: Beastly Appendage ||     3
 Stab: Sleeping          ||     1
Armor: Robe              ||     5
Dodge: Dodged            ||     9

Table legend:
 A = Turns spent in this place as a percentage of turns spent in the entire game.
 B = Non-inter-level travel turns spent in this place as a percentage of non-inter-level travel turns spent in the entire game.
 C = Inter-level travel turns spent in this place as a percentage of turns spent in this place.
 D = Turns resting spent in this place as a percentage of non-inter-level travel turns spent in this place.
 E = Turns spent auto-exploring this place as a percentage of non-inter-level travel turns spent in this place.
 F = Non-inter-level travel turns spent in this place divided by the number of levels of this place that you've seen.
                   A       B       C       D       E      F
               +-------+-------+-------+-------+-------+----------------------
         Total | 100.0 | 100.0 |   0.0 |   0.0 |   0.0 |  17.0
       Dungeon | 100.0 | 100.0 |   0.0 |   0.0 |   0.0 |  17.0
               +-------+-------+-------+-------+-------+----------------------

Table legend:
 A = Kills in this place as a percentage of kills in entire the game.
 B = Kills by you in this place as a percentage of kills by you in the entire game.
 C = Kills by friends in this place as a percentage of kills by friends in the entire game.
 D = Other kills in this place as a percentage of other kills in the entire game.
 E = Experience gained in this place as a percentage of experience gained in the entire game.
 F = Experience gained in this place divided by the number of levels of this place that you have seen.
                   A       B       C       D       E      F
               +-------+-------+-------+-------+-------+----------------------
         Total | 100.0 | 100.0 |  -nan |  -nan | 100.0 |   3.0
       Dungeon | 100.0 | 100.0 |  -nan |  -nan | 100.0 |   3.0
               +-------+-------+-------+-------+-------+----------------------

Vault maps used:
D:1:      dpeg_arrival_caged_fury, minmay_pentomino_q2
D:3:      first_bread
